 Dungeon Sprint DCSS version 0.20-a0-1116-gaa52201 (webtiles) character file.

3119 Dipster the Basher (level 9, -5/106 HPs)
             Began as an Ogre Fighter on May 7, 2017.
             Was a High Priest of Okawaru.
             Slain by a komodo dragon (17 damage)
             ... in the Dungeon (Sprint IX: "|||||||||||||||||||||||||||||").
             The game lasted 00:04:09 (1284 turns).

Dipster the Basher (Ogre Fighter)                   Turns: 1284, Time: 00:04:10

Health: -5/106     AC: 16    Str: 28    XL:     9   Next: 91%
Magic:  5/12       EV: 16    Int:  9    God:    Okawaru [*****.]
Gold:   0          SH:  0    Dex:  8    Spells: 8/8 levels left

rFire    . . .     SeeInvis .   q - +2 dire flail (protect)
rCold    . . .     Gourm    .   (shield currently unavailable)
rNeg     . . .     Faith    .   d - +0 acid dragon scales
rPois    .         Spirit   .   (helmet restricted)
rElec    .         Reflect  .   (no cloak)
rCorr    +         Harm     .   (gloves unavailable)
MR       .....     NoTele   +   (boots unavailable)
Stlth    +.........             (no amulet)
Regen    0.3/turn               o - +2 ring of evasion
MPRegen  0.2/turn               p - +3 ring of strength

@: protection aura
A: unfitting armour, tough skin 1
a: Heroism, Finesse, Renounce Religion


You were in the Dungeon.
You worshipped Okawaru.
Okawaru was extremely pleased with you.
You were not hungry.

You visited 1 branch

Inventory:

Hand Weapons
 a - a +0 flail
 q - a +2 dire flail of protection (weapon)
 r - a +0 giant club
Missiles
 e - 11 large rocks (quivered)
Armour
 b - a +0 robe
 c - a +0 shield
 d - +0 acid dragon scales (worn)
Jewellery
 o - a +2 ring of evasion (left hand)
 p - a +3 ring of strength (right hand)
Wands
 n - a wand of acid (7/15)
Scrolls
 h - 4 scrolls of identify
 k - 2 scrolls of blinking
 l - 3 scrolls of remove curse
 m - 2 scrolls of amnesia
 u - a scroll of fog
 v - 4 scrolls of enchant armour
 w - 2 scrolls of enchant weapon
Potions
 f - 2 potions of agility
 g - a potion of brilliance
 i - 4 potions of magic
 j - 2 potions of curing
 s - 2 potions of mutation
Comestibles
 t - a meat ration


   Skills:
 + Level 11.8 Fighting
 + Level 12.1 Maces & Flails
 + Level 2.2 Throwing
 + Level 7.4 Armour
 * Level 11.6 Dodging
 - Level 2.6 Shields
 * Level 4.0 Invocations


You had 8 spell levels left.
You didn't know any spells.

Dungeon Overview and Level Annotations

Branches:
Dungeon (1/1)

Altars:
Cheibriados
Dithmenos
Elyvilon
Fedhas
Gozag
Hepliaklqana
Kikubaaqudgha
Makhleb
Nemelex Xobeh
Okawaru
Qazlal
Ru
Sif Muna
Trog
Uskayaw
Vehumet
Wu Jian
Xom
Yredelemnul
Zin
The Shining One
Beogh
Jiyva
Lugonu


Innate Abilities, Weirdness & Mutations

You are too large for most types of armour.
You have tough skin. (AC +1)


Message History

The water moccasin is severely wounded.
The water moccasin bites you but does no damage.
You hit the water moccasin.
The water moccasin is almost dead.
The water moccasin bites you!
You impale the water moccasin!!
You kill the water moccasin!
Okawaru accepts your kill.
Your Invocations skill increases to level 4!
You feel sick.
The blink frog blinks!
You see here a wolf corpse.
You completely miss the komodo dragon. The blink frog hits you!
* * * LOW HITPOINT WARNING * * *
The komodo dragon bites you!!
* * * LOW HITPOINT WARNING * * *
Okay, then.
You feel better. The blink frog closely misses you.
The komodo dragon hisses menacingly.
The komodo dragon bites you!
You die...

▓.▓.▓_▓
▓.▓.▓_▓
▓.▓.▓_▓
▓.▓.▓_▓
▓.▓.▓_▓
▓.▓.▓_▓
▓†▓.▓_▓
▓l▓.▓_▓
▓@▓.▓_▓
▓F▓.▓_▓
▓.▓.▓_▓
▓.▓.▓_▓
▓.▓.▓_▓
▓.▓.▓_▓
▓.▓.▓'▓
▓.▓.▓.▓
▓|▓.▓.▓


You could see a komodo dragon and a blink frog.

Vanquished Creatures
  A two-headed ogre (D)
  An ugly thing (D)
  2 cyclopes (D)
  A kobold demonologist (D)
  A troll (D)
  A hippogriff (D)
  An acid dragon (D)
  4 water moccasins (D)
  A porcupine (D)
  An ice beast (D)
  A wolf (D)
  2 bullfrogs (D)
  A worker ant (D)
  An adder (D)
  2 adder skeletons (D)
  An adder zombie (D)
  2 leopard geckos (D)
  A giant cockroach (D)
  A hobgoblin (D)
  A giant cockroach zombie (D)
  2 rats (D)
29 creatures vanquished.

Notes
Turn   | Place    | Note
-------+----------+-------------------------------------------
     0 | D        | Dipster the Ogre Fighter began the quest for the Orb.
     0 | D        | Reached XP level 1. HP: 24/24 MP: 1/1
    11 | D        | Reached skill level 2 in Maces & Flails
    15 | D        | Reached skill level 3 in Maces & Flails
    24 | D        | Reached XP level 2. HP: 20/32 MP: 2/2
   233 | D        | Noticed an ice beast
   235 | D        | Reached skill level 4 in Maces & Flails
   242 | D        | Reached skill level 5 in Maces & Flails
   242 | D        | Reached XP level 3. HP: 39/39 MP: 3/3
   249 | D        | Killed an ice beast
   249 | D        | Reached skill level 9 in Maces & Flails
   249 | D        | Reached XP level 4. HP: 11/48 MP: 4/4
   249 | D        | Reached XP level 5. HP: 13/54 MP: 5/5
   474 | D        | Found a roughly hewn altar of Beogh.
   474 | D        | Found a snail-covered altar of Cheibriados.
   474 | D        | Found a shadowy altar of Dithmenos.
   474 | D        | Found a white marble altar of Elyvilon.
   474 | D        | Found a blossoming altar of Fedhas.
   474 | D        | Found an opulent altar of Gozag.
   475 | D        | Found a hazy altar of Hepliaklqana.
   476 | D        | Found a viscous altar of Jiyva.
   477 | D        | Found an ancient bone altar of Kikubaaqudgha.
   478 | D        | Found a corrupted altar of Lugonu.
   479 | D        | Found a burning altar of Makhleb.
   480 | D        | Found a sparkling altar of Nemelex Xobeh.
   481 | D        | Found an iron altar of Okawaru.
   482 | D        | Found a stormy altar of Qazlal.
   483 | D        | Found a sacrificial altar of Ru.
   484 | D        | Found a deep blue altar of Sif Muna.
   485 | D        | Found a bloodstained altar of Trog.
   486 | D        | Found a hide-covered altar of Uskayaw.
   487 | D        | Found a radiant altar of Vehumet.
   488 | D        | Found an ornate altar of the Wu Jian Council.
   489 | D        | Became a worshipper of Warmaster Okawaru
   490 | D        | Found a shimmering altar of Xom.
   491 | D        | Found a basalt altar of Yredelemnul.
   492 | D        | Found a glowing silver altar of Zin.
   493 | D        | Found a glowing golden altar of the Shining One.
   531 | D        | Noticed a two-headed ogre
   531 | D        | Noticed a troll
   531 | D        | Noticed a water moccasin
   540 | D        | Reached skill level 5 in Fighting
   540 | D        | Reached skill level 1 in Armour
   549 | D        | Killed a water moccasin
   549 | D        | Reached skill level 5 in Dodging
   549 | D        | Reached XP level 6. HP: 49/67 MP: 6/6
   556 | D        | Killed a troll
   556 | D        | Reached * piety under Okawaru
   556 | D        | Reached skill level 10 in Maces & Flails
   556 | D        | Reached XP level 7. HP: 51/79 MP: 7/7
   561 | D        | Killed a two-headed ogre
   561 | D        | Reached ** piety under Okawaru
   561 | D        | Reached *** piety under Okawaru
   561 | D        | Reached skill level 11 in Maces & Flails
   561 | D        | Reached skill level 5 in Armour
   561 | D        | Reached XP level 8. HP: 55/92 MP: 8/8
   717 | D        | Noticed a kobold demonologist
   717 | D        | Noticed a cyclops
   717 | D        | Noticed a cyclops
   717 | D        | Noticed a white ugly thing
   780 | D        | Killed a white ugly thing
   780 | D        | Reached **** piety under Okawaru
   780 | D        | Reached skill level 10 in Fighting
   780 | D        | Reached skill level 10 in Dodging
   793 | D        | Killed a cyclops
   793 | D        | Reached XP level 9. HP: 47/102 MP: 9/9
   801 | D        | Killed a cyclops
   801 | D        | Reached ***** piety under Okawaru
   805 | D        | Killed a kobold demonologist
  1250 | D        | Reached skill level 1 in Invocations
  1255 | D        | Noticed a komodo dragon
  1256 | D        | Reached skill level 12 in Maces & Flails
  1256 | D        | Reached skill level 1 in Throwing
  1270 | D        | Received a gift from Okawaru
  1283 | D        | HP: 1/106 [komodo dragon (19)]
  1284 | D        | Slain by a komodo dragon

Vault maps used:
D:        linesprint

Skill      XL: |  1  2  3  4  5  6  7  8  9 |
---------------+----------------------------+-----
Maces & Flails | 3 5 9 10 11 12 | 12.1
Fighting       | 6 7 9 10 11 | 11.8
Armour         | 2 4 5 6 7 |  7.4
Dodging        | 5 7 9 10 11 | 11.6
Invocations    | 4 |  4.0
Throwing       | 2 |  2.2
Shields        | |  2.6

Action                   |  1- 3 |  4- 6 |  7- 9 || total
-------------------------+-------+-------+-------++-------
Melee: Flail             |    30 |     6 |       ||    36
       Dire flail        |       |    22 |    68 ||    90
Invok: Heroism           |       |       |     1 ||     1
       Finesse           |       |       |     1 ||     1
  Use: Potion            |     1 |     3 |     6 ||    10
 Stab: Invisible         |       |       |     4 ||     4
  Eat: Bread ration      |       |       |     1 ||     1
Armor: Robe              |     4 |     6 |     1 ||    11
       Acid dragon scale |       |       |    10 ||    10
Dodge: Dodged            |    14 |    20 |    33 ||    67
